 Dungeon Crawl Stone Soup version 0.28.0-55-gcd9437bce4 (webtiles) character file.

Game seed: 11154152327423391330

3475 AarnesTheHuman the Blocker (level 10, -1/80 HPs)
             Began as a Gnoll Fighter on Dec 26, 2022.
             Was an Initiate of Gozag.
             Succumbed to Erica's bolt of poison
             ... on level 8 of the Dungeon.
             The game lasted 00:14:24 (10757 turns).

AarnesTheHuman the Blocker (Gnoll Fighter)         Turns: 10757, Time: 00:14:24

Health: -1/80      AC: 19    Str: 19    XL:     10   Next: 6%
Magic:  17/17      EV: 11    Int:  7    God:    Gozag
Gold:   683        SH:  6    Dex: 13    Spells: 18/18 levels left

rFire   . . .      SeeInvis .   b - +2 spear (vamp)
rCold   . . .      Faith    .   c - +0 buckler
rNeg    + . .      Spirit   .   g - +0 plate armour
rPois   .          Reflect  .   k - +0 helmet
rElec   +          Harm     .   (no cloak)
rCorr   .          Rampage  .   (no gloves)
Will    .....                   (no boots)
Stlth   ..........              (no amulet)
HPRegen 0.23/turn               l - ring "Juciq" {rElec rN+ AC+4}
MPRegen 0.15/turn               G - +4 ring of evasion

@: lethally poisoned (-1 -> -18), slowed, very slow
A: fangs 1, strong nose, distributed training
a: Renounce Religion, Potion Petition, Call Merchant, Bribe Branch


You were on level 8 of the Dungeon.
You worshipped Gozag.
Gozag was pleased with you.
You visited 2 branches of the dungeon, and saw 9 of its levels.

You collected 750 gold pieces.
You paid 67 gold pieces to Gozag.

Inventory:

Hand Weapons
 a - a +1 short sword of electrocution
 b - a +2 vampiric spear (weapon)
 d - a +2 vorpal scythe
 u - a +0 dagger of flaming
 w - a +11 spear
Missiles
 f - 157 stones (quivered)
 n - 18 bolts
 s - 2 javelins
 y - 2 curare-tipped darts
Armour
 c - a +0 buckler (worn)
 g - a +0 plate armour (worn)
 k - a +0 helmet (worn)
Jewellery
 i - a ring of protection from cold
 l - the ring "Juciq" (left hand) {rElec rN+ AC+4}
   (You acquired it on level 6 of the Dungeon)

   [ring of protection]

   AC:        It affects your AC (+4).
   rElec:     It insulates you from electricity.
   rN:        It protects you from negative energy.
 p - a ring of magical power
 D - a ring of positive energy
 G - a +4 ring of evasion (right hand)
Wands
 v - a wand of flame (15)
 C - a wand of digging (7)
Scrolls
 e - a scroll of teleportation
 q - 2 scrolls of fear
Potions
 h - a potion of heal wounds
 j - 3 potions of brilliance
 m - 2 potions of lignification
 o - 2 potions of cancellation
 r - 2 potions of flight {unknown}
 x - 3 potions of berserk rage
 z - 3 potions of curing {unknown}
 A - a potion of haste {unknown}
 B - a potion of mutation {unknown}


   Skills:
 + Level 8.2 Fighting
 + Level 4.9 Short Blades
 + Level 4.9 Long Blades
 + Level 6.8 Axes
 + Level 4.9 Maces & Flails
 + Level 4.9 Polearms
 + Level 4.9 Staves
 + Level 4.9 Slings
 + Level 4.9 Bows
 + Level 4.9 Crossbows
 + Level 4.9 Throwing
 + Level 8.2 Armour
 + Level 4.9 Dodging
 + Level 4.9 Stealth
 + Level 8.2 Shields
 + Level 4.9 Unarmed Combat
 + Level 4.9 Spellcasting
 + Level 4.0 Conjurations
 + Level 4.0 Hexes
 + Level 4.0 Summonings
 + Level 4.0 Necromancy
 + Level 4.0 Translocations
 + Level 4.0 Transmutations
 + Level 4.0 Fire Magic
 + Level 4.0 Ice Magic
 + Level 4.0 Air Magic
 + Level 4.0 Earth Magic
 + Level 4.0 Poison Magic
 + Level 5.3 Invocations
 + Level 4.9 Evocations


You had 18 spell levels left.
You didn't know any spells.
Your spell library contained the following spells:

 Spells                   Type           Power      Damage    Failure   Level
 Corpse Rot               Necr/Air       14%        N/A       92%         2
 Sublimation of Blood     Necr           7%         N/A       92%         2
 Wereblood                Tmut           7%         N/A       92%         2
 Conjure Flame            Conj/Fire      7%         6-21      99%         3
 Gell's Gravitas          Tloc           7%         N/A       99%         3
 Ignite Poison            Fire/Tmut/Pois 7%         N/A       99%         3
 Lesser Beckoning         Tloc           7%         N/A       99%         3
 Teleport Other           Tloc           7%         N/A       99%         3
 Dispel Undead            Necr           7%         3d8       100%        4
 Sticky Flame             Conj/Fire      7%         2d3       100%        4
 Alistair's Intoxication  Tmut/Pois      4%         N/A       100%        5
 Borgnjor's Vile Clutch   Necr/Erth      3%         N/A       100%        5
 Death Channel            Necr           3%         N/A       100%        6
 Eringya's Noxious Bog    Tmut/Pois      3%         N/A       100%        6
 Summon Hydra             Summ           3%         N/A       100%        7


Dungeon Overview and Level Annotations

Branches:
Dungeon (8/15)             Temple (1/1) D:5
   Lair: D:8-11

Altars:
Ashenzari
Dithmenos
Elyvilon
Fedhas
Gozag
Kikubaaqudgha
Makhleb
Okawaru
Ru
Sif Muna
Trog
Wu Jian
Xom
Yredelemnul
The Shining One

Annotations:
D:4 3 runed translucent doors, exclusion: 3 doors, Sensen's ghost, amateur MiBe; peterlawrence's ghost, amateur MiFi
D:8 Erica


Innate Abilities, Weirdness & Mutations

You have very sharp teeth.
Your uncanny sense of smell can sniff out nearby items.
Your experience applies equally to all skills.


Message History

You hear some strange, mumbled words.
A lance of force appears from out of thin air!
The lance of force hits you!
You are knocked back by the lance of force.
You puncture something!
You feel better.
You hear some strange, mumbled words.
Something tries to affect you, but you resist.
Something hits you but does no damage.
You closely miss something.
You hear some strange, mumbled words.
You feel as though you will be slow longer.
You hit something.
You feel better.
You hear some strange, mumbled words.
Something tries to affect you, but you resist.
You miss something. Something hits you! Something burns you.
Something hits you but does no damage.
You barely miss something. Your bite misses something. Something hits you.
Something burns you.
You barely miss something. You bite something. Something hits you.
Something burns you.
You hit something but do no damage. Your bite misses something.
Something hits you. Something burns you. Something hits you!
Something burns you.
You miss something. Something hits you but does no damage.
You closely miss something. Something hits you.
* * * LOW HITPOINT WARNING * * *
Something burns you.
* * * LOW HITPOINT WARNING * * *
You hit something but do no damage.
Erica appears from thin air!
Reactivating autopickup.
Erica gestures at you while chanting.
You feel as though you will be slow longer.
Erica gestures at you while chanting. The bolt of poison hits you!!
You are poisoned.
* * * LOW HITPOINT WARNING * * *
You hit Erica.
You feel better.
Erica is lightly wounded.
You die...
Your body crumbles into a pile of gold.

'......)..'
.........
....... .....
... #'# #.# #@#
##@## ∆ ##...##
#.....##..
##.####........
..........###.#
##.####...###.#
#.......#
##..#######
#.........


You could see Erica.

Vanquished Creatures
  Joseph (D:7)
  Sigmund (D:2)
  A wyvern (D:8)
  Eustachio (D:4)
  Menkaure (D:5)
  2 water moccasins (D:6)
  An ice beast (D:7)
  2 sky beasts (D:7)
  2 black bears (D:7)
  An ogre (D:4)
  4 centaurs
  3 phantoms
  3 bullfrogs
  A gnoll sergeant (D:6)
  A scorpion (D:5)
  A water moccasin skeleton (D:5)
  A howler monkey (D:7)
  A centaur zombie (D:7)
  A bullfrog zombie (D:3)
  A bullfrog skeleton (D:5)
  5 hounds
  6 orc priests
  2 gnoll shamans
  2 iguanas
  Natasha (D:2)
  An orc wizard (D:4)
  2 hound skeletons
  A howler monkey zombie (D:8)
  17 gnolls
  7 adders
  2 worms
  5 dart slugs
  15 orcs
  10 endoplasms
  3 giant cockroaches
  4 goblins
  9 hobgoblins
  5 jackals (D:1)
  5 kobolds
  3 quokkas
  8 ball pythons
  4 bats
  7 frilled lizards
  6 rats
160 creatures vanquished.

Vanquished Creatures (others)
  7 plants (D:3)
7 creatures vanquished.

Grand Total: 167 creatures vanquished

Notes
Turn   | Place    | Note
-------+----------+-------------------------------------------
     0 | D:1      | AarnesTheHuman the Gnoll Fighter began the quest for the
                  | Orb.
     0 | D:1      | Reached XP level 1. HP: 23/23 MP: 1/1
   153 | D:1      | Reached XP level 2. HP: 21/29 MP: 2/2
   299 | D:1      | Found a faded altar of an unknown god.
   449 | D:1      | Reached XP level 3. HP: 35/35 MP: 3/3
   892 | D:1      | Reached skill level 1 in Invocations
   949 | D:1      | Reached skill level 1 in Short Blades
   949 | D:1      | Reached skill level 1 in Long Blades
   949 | D:1      | Reached skill level 1 in Maces & Flails
   949 | D:1      | Reached skill level 1 in Polearms
   949 | D:1      | Reached skill level 1 in Staves
   949 | D:1      | Reached skill level 1 in Slings
   949 | D:1      | Reached skill level 1 in Bows
   949 | D:1      | Reached skill level 1 in Crossbows
   949 | D:1      | Reached skill level 1 in Throwing
   949 | D:1      | Reached skill level 1 in Dodging
   949 | D:1      | Reached skill level 1 in Stealth
   949 | D:1      | Reached skill level 1 in Unarmed Combat
   949 | D:1      | Reached skill level 1 in Spellcasting
   949 | D:1      | Reached skill level 1 in Evocations
  1567 | D:2      | Reached XP level 4. HP: 41/41 MP: 5/5
  2032 | D:2      | Reached skill level 1 in Conjurations
  2032 | D:2      | Reached skill level 1 in Hexes
  2032 | D:2      | Reached skill level 1 in Summonings
  2032 | D:2      | Reached skill level 1 in Necromancy
  2032 | D:2      | Reached skill level 1 in Translocations
  2032 | D:2      | Reached skill level 1 in Transmutations
  2032 | D:2      | Reached skill level 1 in Fire Magic
  2032 | D:2      | Reached skill level 1 in Ice Magic
  2032 | D:2      | Reached skill level 1 in Air Magic
  2032 | D:2      | Reached skill level 1 in Earth Magic
  2032 | D:2      | Reached skill level 1 in Poison Magic
  2151 | D:2      | Noticed Sigmund
  2151 | D:2      | Noticed Natasha
  2162 | D:2      | Killed Natasha
  2163 | D:2      | Reached XP level 5. HP: 43/47 MP: 6/6
  2172 | D:2      | Killed Sigmund
  2173 | D:2      | Reached XP level 6. HP: 29/53 MP: 6/8
  2893 | D:3      | Reached skill level 5 in Axes
  3296 | D:3      | Reached XP level 7. HP: 39/59 MP: 10/10
  4306 | D:4      | Found a runed translucent gate.
  4307 | D:4      | Found a runed translucent gate.
  4307 | D:4      | Found a runed translucent gate.
  4308 | D:4      | Noticed peterlawrence's ghost (amateur MiFi)
  4309 | D:4      | Noticed Sensen's ghost (amateur MiBe)
  4309 | D:4      | Noticed peterlawrence's ghost (amateur MiFi)
  4427 | D:4      | Noticed Eustachio
  4436 | D:4      | Killed Eustachio
  4912 | D:4      | Reached XP level 8. HP: 62/67 MP: 12/12
  5161 | D:5      | Entered Level 5 of the Dungeon
  5414 | D:5      | Found a broken altar of Ashenzari.
  5651 | D:5      | Found a staircase to the Ecumenical Temple.
  5680 | Temple   | Entered the Ecumenical Temple
  5854 | Temple   | Became a worshipper of Gozag Ym Sagoz the Greedy
  6161 | D:5      | Noticed Menkaure
  6177 | D:5      | Killed Menkaure
  7099 | D:5      | You fall into a shaft and drop 2 floors!
  7109 | D:7      | Found a bloodstained altar of Trog.
  7225 | D:7      | Reached XP level 9. HP: 68/72 MP: 14/14
  7996 | D:6      | Identified a scroll of acquirement
  7996 | D:6      | Acquired the ring "Juciq" {rElec rN+ AC+4}
  8683 | D:7      | Noticed Joseph
  9198 | D:7      | Reached skill level 5 in Invocations
  9456 | D:7      | Found a bloodstained altar of Trog.
 10018 | D:7      | Found a bloodstained altar of Trog.
 10105 | D:7      | Killed Joseph
 10540 | D:8      | Found a blossoming altar of Fedhas.
 10562 | D:8      | Reached XP level 10. HP: 63/80 MP: 17/17
 10726 | D:8      | Noticed Erica
 10756 | D:8      | HP: 4/80 [Erica/bolt of poison (18)]
 10757 | D:8      | Succumbed to Erica's bolt of poison

Illustrated notes

Levels and vault maps discovered:
D:1:      dpeg_arrival_snail, layout_basic,
          dreamdust_ecumenical_altar_angels_and_demons
D:2:      layout_basic, serial_bayou_pond_d, minivault_25, minmay_bisected,
          uniq_sigmund, uniq_natasha
D:3:      layout_loops_ring, serial_aquarium, aquarium_bridge_square
          [aquarium_subvault_bridge, aquarium_subvault_bridge,
          aquarium_subvault_window, aquarium_subvault_bridge],
          aquarium_bridge_square [aquarium_subvault_bridge,
          aquarium_subvault_balcony, aquarium_subvault_bridge,
          aquarium_subvault_wall], aquarium_window_fake, aquarium_window_2,
          aquarium_view_2b, aquarium_balcony_3b, aquarium_pool_split,
          minmay_misc_feat_diagonals, nicolae_grassy_gnolls
D:4:      layout_loops_ring, serial_forest, infiniplex_forest_end_3,
          infiniplex_forest_clump_large, infiniplex_forest_lined_corner,
          infiniplex_forest_zigzag_2, infiniplex_forest_lined_2,
          gammafunk_ghost_cemetery, uniq_eustachio
D:5:      layout_cave_pools, evilmike_ruin_ashenzari,
          minmay_temple_entry_junction_2, uniq_menkaure
D:6:      layout_basic
D:7:      layout_gridville, mainiacjoe_overflow_catwalk, uniq_joseph
D:8:      corexii_shack_village, layout_loops_corners,
          fedhas_bush_and_centaur_altar, minmay_crystal_water, uniq_erica,
          uniq_prince_ribbit1
Temple:   chequers_temple_sunken

Skill      XL: |  1  2  3  4  5  6  7  8  9 10 |
---------------+-------------------------------+-----
Invocations    | 1 2 3 4 5 |  5.3
Short Blades   | 1 2 3 4 |  4.9
Long Blades    | 1 2 3 4 |  4.9
Maces & Flails | 1 2 3 4 |  4.9
Polearms       | 1 2 3 4 |  4.9
Staves         | 1 2 3 4 |  4.9
Slings         | 1 2 3 4 |  4.9
Bows           | 1 2 3 4 |  4.9
Crossbows      | 1 2 3 4 |  4.9
Throwing       | 1 2 3 4 |  4.9
Dodging        | 1 2 3 4 |  4.9
Stealth        | 1 2 3 4 |  4.9
Unarmed Combat | 1 2 3 4 |  4.9
Spellcasting   | 1 2 3 4 |  4.9
Evocations     | 1 2 3 4 |  4.9
Conjurations   | 1 2 3 4 |  4.0
Hexes          | 1 2 3 4 |  4.0
Summonings     | 1 2 3 4 |  4.0
Necromancy     | 1 2 3 4 |  4.0
Translocations | 1 2 3 4 |  4.0
Transmutations | 1 2 3 4 |  4.0
Fire Magic     | 1 2 3 4 |  4.0
Ice Magic      | 1 2 3 4 |  4.0
Air Magic      | 1 2 3 4 |  4.0
Earth Magic    | 1 2 3 4 |  4.0
Poison Magic   | 1 2 3 4 |  4.0
Axes           | 5 6 |  6.8
Fighting       | 7 8 |  8.2
Armour         | 7 8 |  8.2
Shields        | 7 8 |  8.2

Action                   |  1- 3 |  4- 6 |  7- 9 | 10-12 || total
-------------------------+-------+-------+-------+-------++-------
Melee: War axe           |    18 |     2 |       |       ||    20
       Bite              |     6 |     8 |    71 |     6 ||    91
       Short sword       |    67 |    90 |   195 |       ||   352
       Spear             |       |    38 |   382 |    34 ||   454
Throw: Stone             |       |     4 |     1 |       ||     5
       Dart              |       |       |     1 |       ||     1
  Use: Potion            |       |     1 |       |       ||     1
       Scroll            |       |       |    11 |       ||    11
Armor: Scale mail        |    26 |    18 |       |       ||    44
       Plate armour      |       |    48 |   271 |    21 ||   340
Dodge: Dodged            |    34 |    37 |   196 |     8 ||   275
Block: Buckler           |    19 |    44 |   156 |     7 ||   226
